| TOP OF THE 1ST |
|
Seattle Pilots batting - Pitching for Los Angeles Dodgers : LHP Lance Painter
|
|
Pitching: LHP Lance Painter
|
|
|
Batting: SHB Pat Listach
|
0-0: Ball 1-0: Foul Ball, location: 2F 1-1: Ball 2-1: Swinging Strike 2-2: Strikes out looking
|
|
Batting: RHB Dante Bichette
|
0-0: Called Strike 0-1: Foul Ball, location: 2F 0-2: Fly out, F8 (Flyball, 8RD, EV 96.3 MPH)
|
|
Batting: RHB Edgar Martinez
|
0-0: Ball 1-0: Ball 2-0: Ball 3-0: Base on Balls
|
|
Batting: RHB Jermaine Dye
|
0-0: Ball 1-0: Ball 2-0: Called Strike 2-1: Ball 3-1: Foul Ball, location: 2F 3-2: Base on Balls Edgar Martinez to second
|
|
Batting: LHB Ken Griffey Jr.
|
0-0: Ball 1-0: Foul Ball, location: 2F 1-1: Foul Ball, location: 2F 1-2: Ball 2-2: Strikes out swinging
|
| Top of the 1st over - 0 runs, 0 hits, 0 errors, 2 left on base; Seattle 0 - Los Angeles 0 |
| BOTTOM OF THE 1ST |
|
Los Angeles Dodgers batting - Pitching for Seattle Pilots : RHP Cliff Brantley
|
|
Pitching: RHP Cliff Brantley
|
|
|
Batting: RHB Brian L Hunter
|
0-0: Ball 1-0: Called Strike 1-1: Foul Ball, location: 2F 1-2: Ball 2-2: TRIPLE (Flyball, 89XD, EV 106.9 MPH)
|
|
Batting: SHB Jerry Browne
|
0-0: Foul Ball, location: 2F 0-1: Ball 1-1: Swinging Strike 1-2: Ball 2-2: Ball 3-2: Base on Balls
|
|
Batting: LHB Shawn Green
|
0-0: Called Strike 0-1: Ball 1-1: Foul Ball, location: 2F 1-2: Ball 2-2: Ball 3-2: Foul Ball, location: 2F 3-2: Fielders Choice at 2nd, 4-6 (Groundball, 4, EV 110.6 MPH) Brian L Hunter scores
|
|
Batting: LHB Rafael Palmeiro
|
0-0: Called Strike 0-1: Grounds into double play, 4-6-3 (Groundball, 4M, EV 89.4 MPH)
|
| Bottom of the 1st over - 1 run, 1 hit, 0 errors, 0 left on base; Seattle 0 - Los Angeles 1 |
| TOP OF THE 2ND |
|
Seattle Pilots batting - Pitching for Los Angeles Dodgers : LHP Lance Painter
|
|
Batting: SHB Bill R Mueller
|
0-0: Ball 1-0: Foul Ball, location: 2F 1-1: Ball 2-1: Foul Ball, location: 2F 2-2: Ground out 6-3 (Groundball, 6, EV 88.1 MPH)
|
|
Batting: SHB Mickey Tettleton
|
0-0: Ball 1-0: Ball 2-0: Ball 3-0: Base on Balls
|
|
Batting: LHB J.T. Snow
|
0-0: Foul Ball, location: 2F 0-1: Called Strike 0-2: Foul Ball, location: 2F 0-2: Ball 1-2: Fly out, F4 (Line Drive, 4, EV 71.9 MPH)
|
|
Batting: SHB Mark McLemore
|
0-0: Called Strike 0-1: Called Strike 0-2: Ball 1-2: Fly out, F9 (Flyball, 89D, EV 90.6 MPH)
|
| Top of the 2nd over - 0 runs, 0 hits, 0 errors, 1 left on base; Seattle 0 - Los Angeles 1 |
| BOTTOM OF THE 2ND |
|
Los Angeles Dodgers batting - Pitching for Seattle Pilots : RHP Cliff Brantley
|
|
Batting: RHB Chris Brown
|
0-0: Ground out 6-3 (Groundball, 56, EV 86.3 MPH)
|
|
Batting: RHB Torii Hunter
|
0-0: Swinging Strike 0-1: Fly out, F7 (Line Drive, 7, EV 95.0 MPH)
|
|
Batting: LHB Scott Hatteberg
|
0-0: Ball 1-0: Ball 2-0: Foul Ball, location: 2F 2-1: Foul Ball, location: 2F 2-2: Ball 3-2: Base on Balls
|
|
Batting: RHB Homer Bush
|
0-0: Ball 1-0: Called Strike 1-1: Swinging Strike 1-2: Foul Ball, location: 2F 1-2: Ball 2-2: Foul Ball, location: 2F 2-2: Ball 3-2: Base on Balls Scott Hatteberg to second
|
|
Batting: SHB Jason Varitek
|
0-0: Called Strike 0-1: Foul Ball, location: 2F 0-2: Ball 1-2: Ball 2-2: Strikes out swinging
|
| Bottom of the 2nd over - 0 runs, 0 hits, 0 errors, 2 left on base; Seattle 0 - Los Angeles 1 |
| TOP OF THE 3RD |
|
Seattle Pilots batting - Pitching for Los Angeles Dodgers : LHP Lance Painter
|
|
Batting: SHB Pat Listach
|
0-0: Ball 1-0: Fly out, F3 (Popup, 23F, EV 87.5 MPH)
|
|
Batting: RHB Dante Bichette
|
0-0: Called Strike 0-1: Swinging Strike 0-2: Ball 1-2: Strikes out looking
|
|
Batting: RHB Edgar Martinez
|
0-0: Called Strike 0-1: Swinging Strike 0-2: Ball 1-2: Ball 2-2: Foul Ball, location: 2F 2-2: Fly out, F9 (Flyball, 9LM, EV 87.5 MPH)
|
| Top of the 3rd over - 0 runs, 0 hits, 0 errors, 0 left on base; Seattle 0 - Los Angeles 1 |
| BOTTOM OF THE 3RD |
|
Los Angeles Dodgers batting - Pitching for Seattle Pilots : RHP Cliff Brantley
|
|
Batting: RHB Brian L Hunter
|
0-0: Foul Ball, location: 2F 0-1: Foul Ball, location: 2F 0-2: Ball 1-2: Ground out 6-3 (Groundball, 6, EV 83.1 MPH)
|
|
Batting: SHB Jerry Browne
|
0-0: Ground out U3 (Groundball, 3L, EV 102.5 MPH)
|
|
Batting: LHB Shawn Green
|
0-0: Ball 1-0: Called Strike 1-1: Ball 2-1: Ground out 1-3 (Groundball, 15, EV 66.3 MPH)
|
| Bottom of the 3rd over - 0 runs, 0 hits, 0 errors, 0 left on base; Seattle 0 - Los Angeles 1 |
| TOP OF THE 4TH |
|
Seattle Pilots batting - Pitching for Los Angeles Dodgers : LHP Lance Painter
|
|
Batting: RHB Jermaine Dye
|
0-0: SOLO HOME RUN (Line Drive, 7D, EV 103.8 MPH), Distance : 407 ft
|
|
Batting: LHB Ken Griffey Jr.
|
0-0: Foul Ball, location: 2F 0-1: Swinging Strike 0-2: Ball 1-2: SINGLE (Flyball, 9S, EV 83.8 MPH)
|
|
Batting: SHB Bill R Mueller
|
0-0: Ball 1-0: Fly out, F7 (Flyball, 7LS, EV 85.6 MPH)
|
|
Batting: SHB Mickey Tettleton
|
0-0: Ball 1-0: Foul Ball, location: 2F 1-1: Called Strike 1-2: Ball 2-2: Ball 3-2: Foul Ball, location: 2F 3-2: Grounds into double play, 6-4-3 (Groundball, 6, EV 105.6 MPH)
|
| Top of the 4th over - 1 run, 2 hits, 0 errors, 0 left on base; Seattle 1 - Los Angeles 1 |
| BOTTOM OF THE 4TH |
|
Los Angeles Dodgers batting - Pitching for Seattle Pilots : RHP Cliff Brantley
|
|
Batting: LHB Rafael Palmeiro
|
0-0: Ground out 2-3 (Groundball, 2R, EV 70.0 MPH)
|
|
Batting: RHB Chris Brown
|
0-0: Foul Ball, location: 2F 0-1: Ball 1-1: Called Strike 1-2: Hit by Pitch
|
|
Batting: RHB Torii Hunter
|
0-0: Called Strike 0-1: Ball 1-1: Foul Ball, location: 2F 1-2: SINGLE (Line Drive, 8LS, EV 105.6 MPH) Chris Brown to second
|
|
Batting: LHB Scott Hatteberg
|
0-0: SINGLE (Groundball, 6MD, EV 106.3 MPH) Chris Brown to third Torii Hunter to second Runner from 3rd tries for Home, SAFE, no throw by CF
|
|
Batting: RHB Homer Bush
|
0-0: Fly out, F7 (Flyball, 7LM, EV 93.1 MPH)
|
|
Batting: SHB Jason Varitek
|
0-0: Swinging Strike 0-1: Swinging Strike 0-2: Ball 1-2: DOUBLE (Flyball, 8LXD, EV 105.6 MPH) Torii Hunter scores Scott Hatteberg to third Runner from 3rd tries for Home, SAFE, no throw by CF
|
|
Batting: RHB Brian L Hunter
|
0-0: Ball 1-0: Foul Ball, location: 2F 1-1: Foul Ball, location: 2F 1-2: Ground out 5-3 (Groundball, 56S, EV 84.4 MPH)
|
| Bottom of the 4th over - 3 runs, 3 hits, 0 errors, 1 left on base; Seattle 1 - Los Angeles 4 |
| TOP OF THE 5TH |
|
Seattle Pilots batting - Pitching for Los Angeles Dodgers : LHP Lance Painter
|
|
Batting: LHB J.T. Snow
|
0-0: Foul Ball, location: 2F 0-1: Ball 1-1: Ball 2-1: Ball 3-1: Base on Balls
|
|
Batting: SHB Mark McLemore
|
0-0: Bunted foul 0-1: Bunted foul 0-2: Ball 1-2: Ball 2-2: Fielders Choice at 2nd, 6-4 (Groundball, 6, EV 84.4 MPH)
|
|
Batting: SHB Pat Listach
|
0-0: Called Strike 0-1: Ball 1-1: Ball 2-1: Foul Ball, location: 2F 2-2: Ball 3-2: Strikes out swinging
|
|
Batting: RHB Dante Bichette
|
0-0: Ball 1-0: Swinging Strike 1-1: Ball 2-1: SINGLE (Line Drive, 9S, EV 108.1 MPH) Mark McLemore to second
|
|
Batting: RHB Edgar Martinez
|
0-0: Ball 1-0: Foul Ball, location: 2F 1-1: Fly out, F8 (Flyball, 78M, EV 87.5 MPH)
|
| Top of the 5th over - 0 runs, 1 hit, 0 errors, 2 left on base; Seattle 1 - Los Angeles 4 |
| BOTTOM OF THE 5TH |
|
Los Angeles Dodgers batting - Pitching for Seattle Pilots : RHP Cliff Brantley
|
|
Batting: SHB Jerry Browne
|
0-0: Ball 1-0: Ball 2-0: Called Strike 2-1: Foul Ball, location: 2F 2-2: Ball 3-2: SINGLE (Groundball, 6MD, EV 96.9 MPH)
|
|
Batting: LHB Shawn Green
|
0-0: Ball 1-0: Ball 2-0: Foul Ball, location: 2F 2-1: Swinging Strike 2-2: Fly out, F8 (Line Drive, 8RD, EV 96.9 MPH)
|
|
Batting: LHB Rafael Palmeiro
|
0-0: Ground out 4-3 (Groundball, 4S, EV 88.8 MPH) Jerry Browne to second
|
|
Batting: RHB Chris Brown
|
0-0: Ball 1-0: Swinging Strike 1-1: Ball 2-1: Foul Ball, location: 2F 2-2: Foul Ball, location: 2F 2-2: Fly out, F8 (Flyball, 89D, EV 103.1 MPH)
|
| Bottom of the 5th over - 0 runs, 1 hit, 0 errors, 1 left on base; Seattle 1 - Los Angeles 4 |
| TOP OF THE 6TH |
|
Seattle Pilots batting - Pitching for Los Angeles Dodgers : LHP Lance Painter
|
|
Batting: RHB Jermaine Dye
|
0-0: Ground out 6-3 (Groundball, 6, EV 78.8 MPH)
|
|
Batting: LHB Ken Griffey Jr.
|
0-0: Ball 1-0: SINGLE (Groundball, 4D, EV 97.5 MPH)
|
|
Batting: SHB Bill R Mueller
|
0-0: Ball 1-0: Ball 2-0: Grounds into double play, 4-6-3 (Groundball, 34, EV 86.9 MPH)
|
| Top of the 6th over - 0 runs, 1 hit, 0 errors, 0 left on base; Seattle 1 - Los Angeles 4 |
| BOTTOM OF THE 6TH |
|
Los Angeles Dodgers batting - Pitching for Seattle Pilots : RHP Cliff Brantley
|
|
Batting: RHB Torii Hunter
|
0-0: Swinging Strike 0-1: Ball 1-1: Ball 2-1: Called Strike 2-2: Strikes out swinging
|
|
Batting: LHB Scott Hatteberg
|
0-0: Ball 1-0: Swinging Strike 1-1: Ball 2-1: Foul Ball, location: 2F 2-2: Fly out, F7 (Flyball, 7D, EV 101.9 MPH)
|
|
Batting: RHB Homer Bush
|
0-0: SINGLE (Groundball, 56, EV 83.1 MPH) (infield hit)
|
|
Batting: SHB Jason Varitek
|
0-0: Ball 1-0: Called Strike 1-1: Ball 2-1: Ball 3-1: Base on Balls Homer Bush to second
|
|
Batting: RHB Brian L Hunter
|
0-0: Ball 1-0: Ball 2-0: Fly out, F8 (Line Drive, 8RD, EV 95.0 MPH)
|
| Bottom of the 6th over - 0 runs, 1 hit, 0 errors, 2 left on base; Seattle 1 - Los Angeles 4 |
| TOP OF THE 7TH |
|
Seattle Pilots batting - Pitching for Los Angeles Dodgers : LHP Lance Painter
|
|
Batting: SHB Mickey Tettleton
|
0-0: SOLO HOME RUN (Flyball, 8RXD, EV 97.5 MPH), Distance : 436 ft
|
|
Batting: LHB J.T. Snow
|
0-0: Ball 1-0: Foul Ball, location: 2F 1-1: Ball 2-1: Reached on error, E1 (Groundball, 15S, EV 63.1 MPH)
|
|
Pitching: LHP Ricardo Rincon
|
|
|
Batting: SHB Mark McLemore
|
0-0: Sac Bunt to 2R - play at first, batter OUT! 2-3 J.T. Snow to third
|
|
Batting: SHB Pat Listach
|
0-0: Ball 1-0: Swinging Strike 1-1: Foul Ball, location: 2F 1-2: Foul Ball, location: 2F 1-2: Ball 2-2: Strikes out swinging
|
|
Batting: RHB Dante Bichette
|
0-0: Called Strike 0-1: Foul Ball, location: 2F 0-2: Ball 1-2: Strikes out swinging
|
| Top of the 7th over - 1 run, 1 hit, 1 error, 1 left on base; Seattle 2 - Los Angeles 4 |
| BOTTOM OF THE 7TH |
|
Los Angeles Dodgers batting - Pitching for Seattle Pilots : RHP Cliff Brantley
|
|
Batting: SHB Jerry Browne
|
0-0: Ball 1-0: Ball 2-0: Ball 3-0: Base on Balls
|
|
Pitching: LHP Derek Lilliquist
|
|
|
Batting: LHB Shawn Green
|
0-0: Called Strike 0-1: Foul Ball, location: 2F 0-2: Strikes out swinging
|
|
Batting: LHB Rafael Palmeiro
|
0-0: Foul Ball, location: 2F 0-1: Grounds out, U3 (Groundball, 3L, EV 103.8 MPH)
|
|
Batting: RHB Chris Brown
|
0-0: Called Strike 0-1: Ground out U3 (Groundball, 34S, EV 83.8 MPH)
|
| Bottom of the 7th over - 0 runs, 0 hits, 0 errors, 1 left on base; Seattle 2 - Los Angeles 4 |
| TOP OF THE 8TH |
|
Seattle Pilots batting - Pitching for Los Angeles Dodgers : LHP Ricardo Rincon
|
|
Pitching: LHP John Franco
|
|
|
Now at 3B: Joe Randa
|
|
|
Batting: RHB Edgar Martinez
|
0-0: Called Strike 0-1: Called Strike 0-2: Strikes out swinging
|
|
Batting: RHB Jermaine Dye
|
0-0: Called Strike 0-1: Ball 1-1: Ball 2-1: Ground out 1-3 (Groundball, 34S, EV 81.9 MPH)
|
|
Batting: LHB Ken Griffey Jr.
|
0-0: Ball 1-0: Called Strike 1-1: Called Strike 1-2: Foul Ball, location: 2F 1-2: Foul Ball, location: 2F 1-2: Strikes out swinging
|
| Top of the 8th over - 0 runs, 0 hits, 0 errors, 0 left on base; Seattle 2 - Los Angeles 4 |
| BOTTOM OF THE 8TH |
|
Los Angeles Dodgers batting - Pitching for Seattle Pilots : LHP Derek Lilliquist
|
|
Batting: RHB Torii Hunter
|
0-0: SINGLE (Line Drive, 7LS, EV 113.8 MPH)
|
|
Batting: LHB Scott Hatteberg
|
0-0: SINGLE (Flyball, 5D, EV 95.6 MPH) Torii Hunter to second Torii Hunter to third
|
|
Batting: RHB Homer Bush
|
0-0: Ball 1-0: Swinging Strike 1-1: Swinging Strike 1-2: SINGLE (Groundball, 34D, EV 106.3 MPH) Torii Hunter scores Scott Hatteberg to second Runner from 2nd tries for 3rd, SAFE, throw by RF made to third
|
|
Batting: SHB Jason Varitek
|
0-0: Ball 1-0: Ball 2-0: Foul Ball, location: 2F 2-1: Ball 3-1: Foul Ball, location: 2F 3-2: Foul Ball, location: 2F 3-2: Fly out, F8 (Flyball, 8LM, EV 95.0 MPH)
|
|
Batting: RHB Brian L Hunter
|
0-0: Called Strike 0-1: Called Strike 0-2: Ball 1-2: Fielders Choice at 2nd, 6-4 (Groundball, 6M, EV 87.5 MPH) Scott Hatteberg scores
|
|
Batting: SHB Jerry Browne
|
0-0: Called Strike 0-1: Foul Ball, location: 2F 0-2: Ball 1-2: Fielders Choice at 2nd, 6-4 (Groundball, 6, EV 75.6 MPH)
|
| Bottom of the 8th over - 2 runs, 3 hits, 0 errors, 1 left on base; Seattle 2 - Los Angeles 6 |
| TOP OF THE 9TH |
|
Seattle Pilots batting - Pitching for Los Angeles Dodgers : LHP John Franco
|
|
Batting: SHB Bill R Mueller
|
0-0: Called Strike 0-1: Called Strike 0-2: Ball 1-2: Foul Ball, location: 2F 1-2: Foul Ball, location: 2F 1-2: Foul Ball, location: 2F 1-2: Foul Ball, location: 2F 1-2: SINGLE (Groundball, 4D, EV 96.3 MPH)
|
|
Batting: SHB Mickey Tettleton
|
0-0: Ball 1-0: Called Strike 1-1: Ball 2-1: Grounds into double play, 6-4-3 (Groundball, 6S, EV 86.3 MPH)
|
|
Batting: LHB J.T. Snow
|
0-0: Ball 1-0: Ball 2-0: Ball 3-0: Called Strike 3-1: DOUBLE (Line Drive, 9LM, EV 97.5 MPH)
|
|
Batting: SHB Mark McLemore
|
0-0: Ball 1-0: Ball 2-0: Ground out 5-3 (Groundball, 56, EV 76.9 MPH)
|
| Top of the 9th over - 0 runs, 2 hits, 0 errors, 1 left on base; Seattle 2 - Los Angeles 6 |
|